 Dungeon Crawl Stone Soup version 0.24-a0-537-g2d01d4ab0a (webtiles) character file.

Game seed: 12498671682297644535

424 Mithandil the Shield-Bearer (level 6, -1/53 HPs)
             Began as a Minotaur Fighter on Aug 13, 2019.
             Slain by a mummy (3 damage)
             ... in an ossuary.
             The game lasted 00:20:20 (3365 turns).

Mithandil the Shield-Bearer (Minotaur Fighter)      Turns: 3365, Time: 00:20:21

Health: -1/53      AC: 14    Str: 28      XL:     6   Next: 64%
Magic:  5/5        EV:  6    Int:  5      God:
Gold:   153        SH: 11    Dex: 10 (11) Spells: 5/5 levels left

rFire    . . .     SeeInvis .   a - +0 long sword
rCold    . . .     Gourm    .   c - +0 shield
rNeg     . . .     Faith    .   i - +0 plate armour
rPois    .         Spirit   .   (helmet restricted)
rElec    .         Reflect  .   (no cloak)
rCorr    .         Harm     .   (no gloves)
MR       .....                  (no boots)
Stlth    ..........             (no amulet)
HPRegen  0.17/turn              (no ring)
MPRegen  0.09/turn              (no ring)

@: mighty
A: retaliatory headbutt, horns 2, thin metallic scales 1, thin skeletal
structure 1, sense surroundings 1, MP-powered wands
a: no special abilities


You were in an ossuary.
You were not hungry.

You visited 1 branch of the dungeon, and saw 6 of its levels.
You also visited: Ossuary.

You collected 153 gold pieces.

Inventory:

Hand Weapons
 a - a +0 long sword (weapon)
 b - a +0 trident
 l - a +0 hunting sling
 n - a +1 dagger of speed
Missiles
 e - 166 stones
 p - 5 boomerangs (quivered)
 r - 75 bolts
Armour
 c - a +0 shield (worn)
 i - a +0 plate armour (worn)
Jewellery
 m - an uncursed amulet of faith {unknown}
Scrolls
 g - 2 scrolls of remove curse
 j - 2 scrolls of identify
 k - a scroll of blinking
 s - a scroll of fog
Potions
 d - a potion of might
 h - a potion of flight
Comestibles
 f - 7 rations


   Skills:
 + Level 4.6 Fighting
 * Level 4.9 Long Blades
 + Level 1.3 Polearms
 + Level 4.7 Armour
 + Level 2.5 Dodging
 * Level 5.7 Shields


You had 5 spell levels left.
You didn't know any spells.
Your spell library was empty.

Dungeon Overview and Level Annotations

Branches:
Dungeon (6/15)
 Temple: D:4-7

Altars:
Elyvilon
Hepliaklqana
Xom
Yredelemnul


Innate Abilities, Weirdness & Mutations

You reflexively headbutt those who attack you in melee.
You have a pair of horns on your head.
You are partially covered in thin metallic scales. (AC +2)
You have a somewhat thin skeletal structure. (Dex +2, Stealth)
You passively map a small area around you.
You expend magic power (3 MP) to strengthen your wands.


Message History

You block the orc zombie's attack. The mummy barely misses you.
You block the mummy's attack.
The hobgoblin zombie hits you but does no damage.
You slash the mummy!
The mummy is severely damaged.
You block the orc zombie's attack. You block the mummy's attack.
The gnoll zombie hits you but does no damage.
The hobgoblin zombie barely misses you. The mummy hits you!
* * * LOW HITPOINT WARNING * * *
You hit the mummy.
The mummy is lightly damaged.
The orc zombie hits you but does no damage.
The mummy hits you.
* * * LOW HITPOINT WARNING * * *
You block the gnoll zombie's attack.
The hobgoblin zombie closely misses you.
You slash the mummy! Your headbutt misses the mummy.
The mummy is severely damaged.
The mummy hits you but does no damage. The mummy hits you.
You die...

*
,....##....##...
,
...............
..............
,............
*#........#
#ZZZ...#* , ,
#ZMM.# , * * ,
,,#M@Z.# ,, , ,,
#..Z.# , #....#
, , #....# ,
#....# * ,,,
#....#*,
,*#....# , *
#.∩∩.# *, *
######


You could see 3 mummies, 2 hobgoblin zombies, a gnoll zombie, a kobold zombie, a
big kobold zombie and an orc zombie.

Vanquished Creatures
  A phantom (D:4)
  A sky beast (D:3)
  An orc priest (D:3)
  An iguana (D:4)
  2 worker ants
  2 mummies
  A hound skeleton (D:6)
  An adder (D:3)
  An ooze (D:3)
  2 worms
  5 dart slugs
  3 leopard geckos (D:1)
  2 orcs (D:3)
  8 bats
  4 giant cockroaches
  6 goblins
  11 hobgoblins
  A jackal (D:1)
  3 quokkas
  5 frilled lizards
  A gnoll zombie (Ossuary)
  9 kobolds
  A kobold zombie (Ossuary)
  7 rats
79 creatures vanquished.

Vanquished Creatures (others)
  A killer bee zombie (D:5)
  3 gnolls (D:5)
  2 jackals (D:5)
  A frilled lizard (D:5)
7 creatures vanquished.

Grand Total: 86 creatures vanquished

Notes
Turn   | Place    | Note
-------+----------+-------------------------------------------
     0 | D:1      | Mithandil the Minotaur Fighter began the quest for the Orb.
     0 | D:1      | Reached XP level 1. HP: 19/19 MP: 0/0
   110 | D:1      | Reached XP level 2. HP: 26/27 MP: 1/1
   168 | D:1      | Reached skill level 4 in Shields
   264 | D:1      | Reached XP level 3. HP: 26/33 MP: 2/2
   397 | D:1      | Reached skill level 1 in Dodging
   702 | D:2      | Found a white marble altar of Elyvilon.
   814 | D:3      | Gained mutation: You are partially covered in thin metallic
                  | scales. (AC +2) [potion of mutation]
   814 | D:3      | Gained mutation: You passively map a small area around you.
                  | [potion of mutation]
   814 | D:3      | Gained mutation: Your spells are a little harder to cast,
                  | but a little more powerful. [potion of mutation]
  1001 | D:3      | Noticed a sky beast
  1026 | D:3      | Killed a sky beast
  1026 | D:3      | Reached XP level 4. HP: 10/40 MP: 3/3
  1026 | D:3      | Reached XP level 5. HP: 11/46 MP: 4/4
  1271 | D:4      | Reached skill level 5 in Shields
  1446 | D:2      | Found a basalt altar of Yredelemnul.
  1723 | D:2      | Found a hazy altar of Hepliaklqana.
  1724 | D:2      | Found a shimmering altar of Xom.
  1724 | D:2      | Noticed a yak
  1725 | D:2      | Noticed a yak
  1725 | D:2      | Noticed a spectral ugly thing
  1946 | D:3      | Lost mutation: Your spells are a little harder to cast, but
                  | a little more powerful. [potion of mutation]
  1946 | D:3      | Gained mutation: Scrolls take you a little longer to read.
                  | [potion of mutation]
  1946 | D:3      | Lost mutation: Scrolls take you a little longer to read.
                  | [potion of mutation]
  1946 | D:3      | Gained mutation: You expend magic power (3 MP) to
                  | strengthen your wands. [potion of mutation]
  1946 | D:3      | Gained mutation: You have a somewhat thin skeletal
                  | structure. (Dex +2, Stealth) [potion of mutation]
  2391 | D:4      | Noticed a phantom
  2911 | D:4      | Reached XP level 6. HP: 51/53 MP: 5/5
  2933 | D:5      | Entered Level 5 of the Dungeon
  3018 | D:4      | Reached skill level 1 in Polearms
  3307 | D:6      | Found a sand-covered staircase.
  3319 | Ossuary  | Entered an ossuary
  3364 | Ossuary  | HP: 1/53 [mummy (5)]
  3365 | Ossuary  | Slain by a mummy

Levels and vault maps discovered:
D:1:      saegor_arrival_simple_b, layout_rooms, st_stairs_3,
          minmay_misc_feat_columns
D:2:      layout_basic, regret_index_temple_of_mockery, kennysheep_ying_yang
D:3:      layout_basic, roderic_roman_lattice
D:4:      layout_basic, first_ration
D:5:      layout_basic, lemuel_coloured_pillars_altar, vehumet_altar_wand_db,
          minmay_temple_entry_mist, lemuel_flamethrower_2, uniq_blork_the_orc,
          uniq_sigmund
D:6:      layout_gridville, gup_ossuary_entry_pyramid
Ossuary:  ossuary_tomb_3

Skill      XL: |  1  2  3  4  5  6 |
---------------+-------------------+-----
Shields        | 4 5 |  5.7
Long Blades    | 3 4 |  4.9
Dodging        | 1 2 |  2.5
Armour         | 4 |  4.7
Fighting       | 4 |  4.6
Polearms       | 1 |  1.3

Action                   |  1- 3 |  4- 6 || total
-------------------------+-------+-------++-------
Melee: Long sword        |   136 |   120 ||   256
       Headbutt          |    23 |    20 ||    43
       Spear             |       |     7 ||     7
       Trident           |       |    40 ||    40
  Use: Scroll            |     2 |     8 ||    10
       Potion            |     1 |     8 ||     9
  Eat: Chunk             |     1 |     7 ||     8
Armor: Scale mail        |    18 |       ||    18
       Plate armour      |    80 |    73 ||   153
Dodge: Dodged            |    27 |    38 ||    65
Block: Shield            |    70 |    92 ||   162
       Rpst.: Long sword |     6 |     9 ||    15

Table legend:
 A = Non-vault XP
 B = Vault XP
 C = Vault XP percentage of total XP
 D = Non-vault monster count
 E = Vault monster count
 F = Vault count percentage of total count
                 A         B        C        D         E       F
            +---------+---------+-------+---------+---------+-------
      Total |     565 |      41 |   6.8 |      73 |       6 |   7.6
            +---------+---------+-------+---------+---------+-------
        D:1 |      62 |       3 |   4.6 |      32 |       2 |   5.9
        D:2 |      16 |       0 |   0.0 |       9 |       0 |   0.0
        D:3 |     224 |       0 |   0.0 |      21 |       0 |   0.0
        D:4 |     214 |       0 |   0.0 |       9 |       0 |   0.0
        D:6 |      49 |      18 |  26.9 |       2 |       1 |  33.3
    Ossuary |       0 |      20 | 100.0 |       0 |       3 | 100.0
            +---------+---------+-------+---------+---------+-------
